 Dungeon Crawl Stone Soup version 0.17-a0-870-gcb215c1 (console) character file.

534241 sose the Unseen (level 24, -13/193 HPs)
             Began as a Vampire Enchanter on Apr 29, 2015.
             Was the Champion of Dithmenos.
             Killed by an exploding ball lightning (33 damage)
             ... created by the player character
             ... on level 4 of a ziggurat.
             The game lasted 07:17:51 (71929 turns).

sose the Unseen (Vampire Enchanter)                Turns: 71929, Time: 07:17:52

Health: -13/193    AC: -1    Str:  7    XL:     24   Next: 52%
Magic:  0/50       EV: 26    Int: 28    God:    Dithmenos [******]
Gold:   2932       SH:  5    Dex: 15    Spells: 14 memorised, 0 levels left

rFire  + + .     SeeInvis +     b - +5 demon blade (freeze)
rCold  + + .     Clarity  .     d - +2 robe {rC+ rF+}
rNeg   + + +     SustAb   .     S - +0 buckler {rF+}
rPois  +         Gourm    .     o - +2 hat of the Bear Spirit {Spirit, +Rage rN+ MR++}
rElec  .         Spirit   +     l - +2 cloak
rCorr  .         Warding  .     h - +1 pair of gloves {archery}
rMut   .         Stasis   .     P - +2 pair of boots {Stlth+}
MR     ++++.                    E - amulet of regeneration
Stlth  ++++++++++               n - ring of wizardry
                                U - ring of magical power

@: corroded equipment, regenerating slowly, wreathed by umbra, deflect missiles,
incredibly resistant to hostile enchantments, uncannily stealthy
A: fangs 3, see invisible, unbreathing
a: Bat Form, Shadow Step, Shadow Form, Renounce Religion, Evoke Berserk Rage
}: 3/15 runes: barnacled, silver, gossamer


You were on level 4 of a ziggurat.
You worshipped Dithmenos.
Dithmenos was exalted by your worship.
You were very thirsty.

You visited 8 branches of the dungeon, and saw 48 of its levels.
You visited the Abyss 1 time.
You visited 1 ziggurat, and saw 4 of its levels.
You also visited: Volcano.

You collected 6001 gold pieces.
You spent 3069 gold pieces at shops.

Inventory:

Hand weapons
 a - the +11 dagger of Fixation {drain, rF+ Dex+2}
   (You took it off a deep elf sorcerer on level 3 of the Elven Halls)

   A truly terrible weapon, it drains the life of those it strikes.
   It affects your dexterity (+2).
   It protects you from fire.
 b - a +5 demon blade of freezing (weapon)
 z - a +3 quick blade
Armour
 d - a +2 robe of resistance (worn)
 h - a +1 pair of gloves of archery (worn)
 l - a +2 cloak (worn)
 o - the +2 hat of the Bear Spirit (worn) {Spirit, +Rage rN+ MR++}
   (You acquired it on level 3 of the Lair of Beasts)

   It protects you from negative energy.
   It affects your resistance to hostile enchantments.
   It lets you go berserk.
 P - a +2 pair of boots of stealth (worn)
 S - a +0 buckler of fire resistance (worn)
Jewellery
 c - an uncursed amulet of resist mutation
 n - a ring of wizardry (right hand)
 t - an uncursed ring of stealth
 B - the amulet of Louw {Gourm rElec rC+ Int+3}
   (You took it off a vault warden on level 5 of the Vaults)

   [amulet of the gourmand]

   It allows you to eat raw meat even when not hungry.
   It affects your intelligence (+3).
   It protects you from cold.
   It insulates you from electricity.
 E - an amulet of regeneration (around neck)
 M - an uncursed amulet of resist corrosion
 T - an uncursed ring of teleport control
 U - a ring of magical power (left hand)
 X - an uncursed ring of sustain abilities
Magical devices
 r - a wand of digging (15)
 F - a wand of disintegration (16)
 L - a wand of teleportation (4)
 Q - a wand of hasting (5)
 Z - a wand of heal wounds (0)
Scrolls
 e - a scroll of blinking
 f - 20 scrolls of remove curse
 i - 21 scrolls of identify
 A - 4 scrolls of teleportation
 G - a scroll of summoning
 I - a scroll of acquirement
 O - 12 scrolls of fog
 R - 4 scrolls of silence
 Y - 3 scrolls of magic mapping
Potions
 g - 9 potions of agility
 p - a potion of cancellation
 q - 10 potions of blood
 u - 2 potions of cure mutation
 v - 3 potions of resistance
 x - a potion of beneficial mutation {unknown}
 y - 3 potions of might
 D - 2 potions of heal wounds
 H - 5 potions of flight
 N - 3 potions of curing
 W - 7 potions of brilliance
Books
 j - a book of Transfigurations

   Spells                             Type                      Level
   a - Stoneskin                      Transmutation/Earth          2
   b - Irradiate                      Conjuration/Transmutation    5
   c - Statue Form                    Transmutation/Earth          6
   d - Hydra Form                     Transmutation                6
   e - Dragon Form                    Transmutation                7
 k - the Disquisition on the Entourage
   (You found it on level 3 of a ziggurat)

   Spells                             Type                      Level
   a - Summon Butterflies             Summoning                    1
   b - Abjuration                     Summoning                    3
   c - Summon Lightning Spire         Summoning/Air                4
   d - Summon Demon                   Summoning                    5
   e - Spellforged Servitor           Conjuration/Summoning        7
 s - a book of Alchemy

   Spells                             Type                      Level
   a - Sublimation of Blood           Necromancy                   2
   b - Alistair's Intoxication        Transmutation/Poison         4
   c - Condensation Shield            Ice                          4
   d - Petrify                        Transmutation/Earth          4
   e - Ignite Poison                  Fire/Transmutation/Poison    3
   f - Irradiate                      Conjuration/Transmutation    5
Miscellaneous
 m - a sack of spiders
 w - a fan of gales
 J - a crystal ball of energy


   Skills:
 - Level 16.9 Fighting
 - Level 10.2(13.4) Short Blades
 - Level 13.1(14.1) Long Blades
 - Level 19.8 Dodging
 - Level 20.0 Stealth
 - Level 4.1 Shields
 + Level 14.0 Spellcasting
 - Level 11.0 Conjurations
 - Level 16.0 Hexes
 - Level 10.1 Charms
 - Level 2.7 Summonings
 - Level 2.8 Translocations
 - Level 7.8 Ice Magic
 + Level 14.4 Air Magic
 - Level 2.0 Invocations


You couldn't memorise any spells.
You knew the following spells:

 Your Spells              Type           Power        Failure   Level  Hunger
a - Ensorcelled Hibernat  Hex/Ice        ######       1%          2    None
b - Airstrike             Air            #######...   1%          4    None
c - Confuse               Hex            #######.     0%          3    None
d - Tukima's Dance        Hex            #######.     0%          3    None
e - Control Teleport      Chrm/Tloc      ######....   1%          4    None
f - Freezing Cloud        Conj/Ice/Air   ######....   1%          6    ####...
g - Summon Butterflies    Summ           ####....     1%          1    None
h - Deflect Missiles      Chrm/Air       ######....   1%          6    ####...
i - Conjure Ball Lightni  Conj/Air       ######....   1%          6    ####...
j - Apportation           Tloc           #####.....   1%          1    None
k - Summon Lightning Spi  Summ/Air       ######..     1%          4    None
F - Flight                Chrm/Air       ######....   1%          3    None
I - Invisibility          Hex            #######.     1%          6    ####...
N - Blink                 Tloc           N/A          1%          2    None


Dungeon Overview and Level Annotations

Branches:
Dungeon (15/15)            Temple (0/1) D:5            Lair (8/8) D:9
 Shoals (4/4) Lair:3       Spider (4/4) Lair:3        Slime (0/6) Lair:8
    Orc (4/4) D:9             Elf (3/3) Orc:3        Vaults (5/5) D:13
  Crypt (0/3) Vaults:2     Depths (5/5) D:15            Zot (0/5) Depths:5

Altars:
Ashenzari
Dithmenos
Elyvilon
Kikubaaqudgha
Makhleb
Nemelex Xobeh
Ru
Sif Muna
Trog
Vehumet
Xom
Yredelemnul
The Shining One
Beogh
Jiyva

Shops:
D:5 =   D:6 *   D:14 (([%:   Orc:3 (   Orc:4 *[%[:   Elf:3 *   Shoals:1 (
Vaults:1 ***?   Vaults:3 [   Depths:3 [

Portals:
Hell: Depths:2 Depths:3 Depths:4 Depths:5
Abyss: Depths:4
Pandemonium: Depths:2 Depths:3 Depths:4

Annotations:
Lair:4 exclusion: upstairs
Lair:8 1 runed door
Shoals:3 exclusion: Roxanne, Roxanne
Depths:1 2 exclusions


Innate Abilities, Weirdness & Mutations

You heal slowly.
You have razor-sharp teeth.
You have supernaturally acute eyesight.
You can survive without breathing.


Message History

The blast of lightning engulfs the caustic shrike.
The caustic shrike is almost dead.
The blast of lightning engulfs your ball lightning.
Your ball lightning completely resists.
Your ball lightning explodes!
The blast of lightning engulfs your ball lightning.
Your ball lightning completely resists.
The blast of lightning engulfs the crocodile.
The crocodile is almost dead.
The blast of lightning engulfs you!
* * * LOW HITPOINT WARNING * * *
Your ball lightning explodes!
The blast of lightning engulfs the caustic shrike.
The caustic shrike is almost dead.
The blast of lightning engulfs your ball lightning.
Your ball lightning completely resists.
The blast of lightning engulfs your ball lightning.
Your ball lightning completely resists.
The blast of lightning engulfs you!
You die...

▓▓▓▓▓▓
......▓
.......▓▓▓
..........▓
:.........▓
}!§§§§§*§.▓
>?§§§§§§§§§▓
∩:§§§§*t@b*▓
......§§§§§▓
......§§..▓
▓.......▓▓▓
▓.......▓
▓▓▓▓▓▓▓▓


You could see a caustic shrike, a crocodile and 3 friendly ball lightnings.

Vanquished Creatures
  Margery (Vaults:4)
  5 golden dragons
  A profane servitor (Depths:4)
  A bone dragon (Depths:5)
  Xtahua (Vaults:2)
  9 liches
  6 tentacled monstrosities
  5 titans
  Asterion (Spider:1)
  A deep elf blademaster (Elf:3)
  A deep elf master archer (Elf:3)
  2 tentacled starspawn (Abyss:1)
  5 octopode crushers
  5 sphinxes
  An Executioner (Abyss:1)
  2 tengu reavers
  Frances (D:12)
  Kirke (Spider:1)
  5 shadow dragons
  2 storm dragons
  The ghost of Borgoz the Warrior, a mighty GrFi of the Shining One (Spider:3)
  Ilsuiw (Shoals:4)
  Wiglaf (Depths:2)
  3 ghost moths
  5 fire giants
  Donald (Shoals:4)
  2 frost giants
  2 draconian scorchers (Depths:5)
  15 vault wardens
  4 deep elf sorcerers
  Louise (Elf:2)
  5 emperor scorpions
  A curse skull (Zig:1)
  2 balrugs (Abyss:1)
  8 ironheart preservers
  2 spriggan defenders
  35 very ugly things
  19 stone giants
  2 war gargoyles (Vaults:5)
  4 deep elf demonologists (Elf:3)
  A green draconian (Depths:5)
  A black draconian (Depths:5)
  3 vampire knights
  2 deep elf annihilators (Elf:3)
  A red draconian (Depths:5)
  2 purple draconians
  2 white draconians (Depths:5)
  The ghost of ImmaFairy the Fighter, a powerful FoFi of Trog (D:14)
  4 deep elf death magi
  4 merfolk javelineers
  19 vault guards
  5 fire dragons
  6 merfolk impalers
  16 ettins
  Josephine (Lair:3)
  12 yaktaur captains
  11 ogre magi
  2 jiangshi (Depths:3)
  3 entropy weavers (Depths:2)
  4 deep elf high priests
  2 rakshasas
  8 great orbs of eyes
  2 spriggan air magi
  14 ice dragons
  10 centaur warriors
  7 hydras
  Erica (D:10)
  A merfolk avatar (Shoals:2)
  3 alligator snapping turtles
  2 salamander stormcallers
  5 dancing weapons
  4 merfolk aquamancers
  2 satyrs (shapeshifter) (Vaults:5)
  4 deep troll earth magi
  10 tengu warriors
  A hell beast (Depths:2)
  5 deep troll shamans
  2 thrashing horrors (Abyss:1)
  Urug (Lair:2)
  5 spriggan berserkers
  16 death yaks
  3 vampire magi
  A hell hog (Abyss:1)
  Sonja (Lair:2)
  15 deep elf knights
  2 iron trolls
  3 spriggans
  2 wretched stars (Abyss:1)
  A storm dragon skeleton (Vaults:5)
  An ice devil (Depths:5)
  2 fire crabs (Vaults:5)
  4 skeletal warriors (D:15)
  4 sun demons
  4 shadow wraiths
  17 deep trolls
  18 hell knights
  7 large abominations (Abyss:1)
  2 unseen horrors
  5 hill giants
  4 flayed ghosts
  4 deep elf summoners
  A lindwurm (shapeshifter) (D:15)
  4 giant orange brains
  A mana viper (Vaults:5)
  A harpy (shapeshifter) (Vaults:2)
  7 sea snakes
  5 wizards
  6 necromancers
  11 deep elf conjurers
  11 orc knights
  17 wolf spiders
  A lindwurm (Lair:8)
  A hornet (shapeshifter) (D:14)
  12 griffons
  9 phantasmal warriors
  A wolf spider zombie (D:12)
  A frost giant zombie (Vaults:5)
  3 orc sorcerers
  10 ironbrand convokers
  61 ugly things
  An orb spider (shapeshifter) (Depths:2)
  A shadow dragon skeleton (Abyss:1)
  A salamander (shapeshifter) (Vaults:2)
  6 harpies
  26 orb spiders
  3 sixfirhies
  4 fauns (Shoals:2)
  10 water nymphs
  4 cyclopes
  2 draconians (shapeshifter)
  A moth of wrath (Spider:2)
  5 hornets
  14 manticores
  A cyclops (shapeshifter) (Vaults:5)
  2 black mambas
  11 elephants
  A human skeleton (Vaults:5)
  9 vault sentinels
  3 rust devils
  An octopode (shapeshifter) (Elf:1)
  5 sirens
  A stone giant skeleton (Vaults:5)
  2 spiny frogs (shapeshifter)
  9 torpor snails
  2 orange demons (Depths:3)
  2 guardian serpents (shapeshifter)
  11 spiny frogs
  2 gargoyles
  5 spectral swamp worms (Depths:3)
  2 hellions
  A yaktaur zombie (Depths:1)
  A smoke demon (Abyss:1)
  2 kobold demonologists (Vaults:3)
  50 yaktaurs
  5 deep elf priests
  10 demonic crawlers
  2 ancient zymes (Abyss:1)
  A blue devil (Depths:4)
  7 komodo dragons
  2 fire drakes (Lair:7)
  4 red devils
  2 wind drakes
  6 tengu conjurers
  3 giant leeches (Lair:8)
  A komodo dragon (shapeshifter) (Depths:2)
  32 merfolk
  A polar bear (Lair:3)
  11 freezing wraiths
  17 trolls
  A jumping spider (shapeshifter) (Depths:4)
  Grinder (D:3)
  17 two-headed ogres
  24 slime creatures
  4 fire vortices (Volcano)
  7 raiju (Abyss:1)
  30 blink frogs
  A boulder beetle (Vaults:5)
  A stone giant simulacrum (Vaults:5)
  28 jumping spiders
  A snapping turtle (shapeshifter) (Depths:2)
  A raiju (shapeshifter) (Vaults:5)
  An ettin zombie (Vaults:1)
  2 deep troll zombies (Depths:1)
  13 snapping turtles
  4 air elementals
  25 ravens
  7 flying skulls
  A redback (shapeshifter) (Depths:5)
  A shadow (D:15)
  A centaur simulacrum (D:15)
  An ettin skeleton (Abyss:1)
  59 redbacks
  5 starcursed masses (Abyss:1)
  16 trapdoor spiders
  4 hogs (Spider:1)
  A hog (shapeshifter) (Depths:1)
  23 deep elf magi
  2 wyverns
  A hungry ghost (Depths:3)
  38 yaks
  31 water elementals
  28 tarantellas
  7 wraiths
  2 neqoxecs (Abyss:1)
  A yaktaur simulacrum (Depths:1)
  A ynoxinul (Depths:3)
  A basilisk (Lair:2)
  3 fire elementals (Volcano)
  4 chaos spawn
  20 deep elf fighters
  6 wargs
  18 water moccasins
  A mottled dragon (Vaults:2)
  17 hippogriffs
  14 wolves
  2 basilisks (shapeshifter)
  18 vampire mosquitoes
  19 spiders
  6 porcupines
  A black bear (D:9)
  A deep dwarf (shapeshifter) (Vaults:1)
  35 orc warriors
  2 sky beasts
  10 wasps
  4 ice beasts
  2 sky beasts (shapeshifter)
  5 boggarts
  A deep troll simulacrum (Depths:1)
  52 ogres
  A water moccasin (shapeshifter) (Vaults:4)
  A boring beetle (Lair:7)
  2 eyes of draining
  A human zombie (Vaults:1)
  16 crocodiles
  8 phantoms
  24 centaurs
  2 necrophages
  4 small abominations (Abyss:1)
  4 brain worms
  3 big kobolds
  3 lost souls (Elf:3)
  Blork the orc (D:6)
  28 giant frogs
  A human simulacrum (Depths:2)
  2 water moccasin zombies
  A boulder beetle zombie (Vaults:1)
  6 scorpions
  6 killer bees
  9 wights
  7 electric eels
  9 crimson imps
  29 orc priests
  12 iguanas
  5 quasits
  3 centaur zombies
  7 centaur skeletons
  A giant frog zombie (D:9)
  9 jellies
  A giant frog skeleton (D:13)
  4 iron imps
  10 hounds
  25 orc wizards
  8 worker ants
  33 sheep
  2 hound skeletons
  12 adders
  49 river rats
  9 shadow imps
  3 white imps
  5 ufetubi (Depths:3)
  19 oozes
  An adder skeleton (D:7)
  19 worms
  6 giant geckos
  174 orcs
  7 giant cockroaches
  14 hobgoblins
  21 jackals
  2 quokkas
  18 bats
  3 giant newts (D:1)
  16 goblins
  2 jackal skeletons
  23 kobolds
  2 quokka skeletons
  21 rats
  2 fungi
  3 plants
2295 creatures vanquished.

Vanquished Creatures (collateral kills)
  A tentacled monstrosity (Vaults:5)
  A deep elf blademaster (Elf:3)
  A deep elf master archer (Elf:3)
  2 liches (Depths:3)
  A sphinx (Vaults:2)
  A tengu reaver (Vaults:5)
  Agnes (Elf:2)
  2 frost giants
  2 deep elf sorcerers
  3 fire giants
  An emperor scorpion (shapeshifter) (Vaults:5)
  An emperor scorpion (Spider:4)
  An ironheart preserver (Vaults:3)
  A war gargoyle (Vaults:5)
  2 deep elf annihilators (Vaults:5)
  2 deep elf death magi (Elf:3)
  2 ettins (Depths:3)
  A deep elf high priest (Elf:3)
  A green death (Depths:3)
  10 vault guards
  3 merfolk impalers (Shoals:4)
  A hydra (Zig:4)
  Harold (D:11)
  5 ogre magi
  2 dancing weapons (Elf:2)
  A deep troll shaman (Depths:2)
  5 merfolk aquamancers
  A tengu warrior (Depths:1)
  An orc high priest (Orc:2)
  A shadow wraith (Vaults:4)
  An iron troll (D:15)
  2 deep elf knights (Elf:2)
  4 hell knights
  A mana viper (Vaults:5)
  A deep troll (Depths:2)
  3 ironbrand convokers
  3 orc knights
  A deep elf conjurer (Elf:1)
  2 cyclopes
  3 ugly things (D:15)
  A siren (Shoals:2)
  4 vault sentinels
  2 yaktaurs
  A molten gargoyle (Volcano)
  3 gargoyles
  2 deep elf priests
  3 merfolk
  11 two-headed ogres
  3 trolls
  A jumping spider (Spider:4)
  A red devil (Depths:2)
  2 ravens
  A boulder beetle (Vaults:2)
  2 air elementals (Depths:3)
  2 tarantellas (Vaults:5)
  A trapdoor spider (Spider:4)
  A ynoxinul (Orc:2)
  A water elemental (Shoals:1)
  4 deep elf magi
  A yak (D:12)
  Grum (D:8)
  3 deep elf fighters
  A hog (Spider:1)
  A warg (Vaults:1)
  A water moccasin (D:8)
  14 orc warriors
  2 boggarts (Depths:4)
  21 ogres
  A centaur (Shoals:4)
  5 wights
  6 orc wizards
  9 orc priests
  A hound (D:6)
  An iguana (D:8)
  An adder (D:2)
  A shadow imp (D:6)
  50 orcs
  A hobgoblin (Orc:1)
  A giant gecko zombie (D:8)
  A giant newt (D:4)
  A kobold (D:5)
  A quokka skeleton (D:4)
250 creatures vanquished.

Vanquished Creatures (others)
  A caustic shrike (Depths:3)
  A tengu reaver (Vaults:5)
  A frost giant (Depths:2)
  A deep elf high priest (Vaults:5)
  25 dancing weapons
  35 mana vipers
  2 necromancers
  A guardian serpent (shapeshifter) (Vaults:4)
  A black mamba (Lair:8)
  35 ball lightnings
  A deep elf priest (Vaults:2)
  A jumping spider (Spider:3)
  3 yaktaurs
  A fire vortex (Volcano)
  3 deep elf magi
  A tarantella (Spider:3)
  A vampire mosquito (Vaults:2)
  2 deep elf fighters (Elf:2)
  A lightning spire (Zig:4)
  A necrophage (Depths:3)
  A crocodile (Lair:8)
  4 lost souls
  An orc (Vaults:4)
  A jackal (D:9)
  15 butterflies (Depths:5)
  10 fungi
  11 plants
  8 starspawn tentacles (Abyss:1)
169 creatures vanquished.

Grand Total: 2714 creatures vanquished

Notes
Turn   | Place    | Note
--------------------------------------------------------------
     0 | D:1      | sose, the Vampire Enchanter, began the quest for the Orb.
     0 | D:1      | Reached XP level 1. HP: 13/13 MP: 3/3
     2 | D:1      | Found a runed door.
   204 | D:1      | Reached skill level 5 in Hexes
   270 | D:1      | Reached XP level 2. HP: 10/19 MP: 5/5
   309 | D:1      | Learned a level 2 spell: Ensorcelled Hibernation
   930 | D:1      | Reached skill level 6 in Hexes
   930 | D:1      | Reached XP level 3. HP: 20/24 MP: 3/6
  1266 | D:1      | Learned a level 3 spell: Confuse
  1342 | D:2      | Found a sacrificial altar of Ru.
  1528 | D:2      | Found a shadowy altar of Dithmenos.
  1547 | D:2      | Became a worshipper of Dithmenos the Shadowed
  1592 | D:2      | Reached skill level 7 in Hexes
  1643 | D:2      | Reached XP level 4. HP: 21/30 MP: 3/7
  1760 | D:2      | Found a bloodstained altar of Trog.
  2064 | D:2      | Found a white marble altar of Elyvilon.
  2294 | D:3      | Found a burning altar of Makhleb.
  2295 | D:3      | Found a deep blue altar of Sif Muna.
  2331 | D:3      | Noticed Grinder
  2383 | D:4      | HP: 1/30 [giant gecko (3)]
  2520 | D:3      | Killed Grinder
  2520 | D:3      | Reached skill level 5 in Short Blades
  2520 | D:3      | Reached XP level 5. HP: 29/35 MP: 1/8
  2520 | D:3      | Reached XP level 6. HP: 33/41 MP: 1/9
  2603 | D:3      | Learned a level 3 spell: Tukima's Dance
  3265 | D:4      | Reached skill level 5 in Stealth
  3428 | D:4      | Found a shattered altar of Ashenzari.
  3556 | D:5      | Entered Level 5 of the Dungeon
  3556 | D:5      | Found Awakuvib's Jewellery Boutique.
  3557 | D:5      | Reached XP level 7. HP: 46/46 MP: 10/10
  3678 | D:5      | Acquired Dithmenos's first power
  3728 | D:5      | Found a bloodstained altar of Trog.
  3751 | D:5      | Reached skill level 8 in Hexes
  4304 | D:5      | Learned a level 3 spell: Dazzling Spray
  4320 | D:5      | Found a shimmering altar of Xom.
  4805 | D:4      | Reached skill level 1 in Conjurations
  4805 | D:4      | Reached XP level 8. HP: 52/52 MP: 9/13
  4939 | D:5      | Found a staircase to the Ecumenical Temple.
  5207 | D:6      | Acquired Dithmenos's second power
  5207 | D:6      | Reached skill level 9 in Hexes
  5251 | D:6      | Found a glowing golden altar of the Shining One.
  5330 | D:6      | Reached skill level 1 in Fighting
  5570 | D:6      | Noticed a slime creature
  5986 | D:6      | Acquired Dithmenos's third power
  6463 | D:6      | Reached skill level 5 in Dodging
  6463 | D:6      | Reached XP level 9. HP: 62/62 MP: 10/14
  6535 | D:6      | Reached skill level 10 in Hexes
  6624 | D:6      | Found an ancient bone altar of Kikubaaqudgha.
  6683 | D:6      | Noticed Blork the orc
  6691 | D:6      | Killed Blork the orc
  6897 | D:6      | Killed a slime creature
  6960 | D:6      | Found Tfocyan's Tempting Trifles.
  6975 | D:6      | Bought a wand of teleportation (3) for 273 gold pieces
  7166 | D:7      | Learned a level 3 spell: Gell's Gravitas
  7425 | D:7      | Acquired Dithmenos's fourth power
  8270 | D:8      | Reached XP level 10. HP: 53/72 MP: 9/16
  8490 | D:8      | Reached skill level 10 in Stealth
  8735 | D:8      | Found a sparkling altar of Nemelex Xobeh.
  8958 | D:8      | Noticed Grum
  8992 | D:8      | Killed Grum
  9507 | D:9      | Found a staircase to the Orcish Mines.
  9528 | D:9      | Reached skill level 5 in Spellcasting
  9744 | D:9      | Reached skill level 1 in Shields
 10018 | D:9      | Found a staircase to the Lair.
 10103 | D:9      | Reached skill level 5 in Fighting
 10529 | D:9      | Found a radiant altar of Vehumet.
 10623 | Lair:1   | Entered Level 1 of the Lair of Beasts
 11050 | Lair:1   | Reached skill level 1 in Ice Magic
 11050 | Lair:1   | Reached XP level 11. HP: 80/80 MP: 18/18
 11170 | Lair:2   | Found a dark tunnel.
 11175 | Lair:2   | Reached skill level 11 in Stealth
 11201 | Volcano  | Entered a volcano
 12410 | Lair:2   | Noticed Sonja
 12433 | Lair:2   | Killed Sonja
 12440 | Lair:2   | Reached skill level 12 in Stealth
 12453 | Lair:2   | Noticed Urug
 12462 | Lair:2   | Killed Urug
 12462 | Lair:2   | Reached skill level 10 in Short Blades
 12954 | Lair:3   | Found a staircase to the Shoals.
 12959 | Lair:3   | Reached XP level 12. HP: 91/91 MP: 19/19
 12997 | Lair:3   | Learned a level 5 spell: Metabolic Englaciation
 13258 | Lair:3   | Reached skill level 13 in Stealth
 13258 | Lair:3   | Reached skill level 5 in Ice Magic
 13354 | Lair:3   | Found a hole to the Spider Nest.
 13876 | Lair:4   | Reached skill level 10 in Dodging
 13992 | Lair:4   | Noticed Josephine
 14038 | Lair:4   | Noticed an eight-headed hydra
 14043 | Lair:4   | Killed an eight-headed hydra
 14337 | Lair:3   | Identified 2 scrolls of acquirement
 14611 | Lair:3   | Reached skill level 14 in Stealth
 14617 | Lair:3   | Reached skill level 1 in Invocations
 15249 | Lair:3   | Killed Josephine
 15483 | Lair:4   | Reached XP level 13. HP: 99/99 MP: 19/22
 16357 | Lair:6   | Found a burning altar of Makhleb.
 16408 | Lair:6   | Learned a level 2 spell: Repel Missiles
 16613 | Lair:6   | Reached skill level 1 in Charms
 16741 | Lair:6   | You fall through a shaft!
 16767 | Lair:7   | Reached skill level 1 in Air Magic
 16817 | Lair:7   | Reached skill level 15 in Stealth
 17412 | Lair:7   | Learned a level 2 spell: Swiftness
 18216 | Lair:8   | Entered Level 8 of the Lair of Beasts
 18314 | Lair:8   | Found a viscous altar of Jiyva.
 18314 | Lair:8   | Found a staircase to the Slime Pits.
 18451 | Lair:8   | Gained mutation: You expend magic power (3 MP) to strengthen your wands. [potion of mutation]
 18451 | Lair:8   | Gained mutation: You are partially covered in large bone plates (AC +2, SH +2). [potion of mutation]
 18451 | Lair:8   | Gained mutation: Your muscles are strong. (Str +2) [potion of mutation]
 18527 | Lair:8   | Reached XP level 14. HP: 108/108 MP: 23/23
 18584 | Lair:8   | Found a runed door.
 18720 | Lair:8   | Reached skill level 5 in Air Magic
 20415 | Orc:1    | Entered Level 1 of the Orcish Mines
 20504 | Orc:1    | You fall through a shaft!
 20652 | Orc:1    | Reached skill level 16 in Stealth
 21857 | Orc:2    | Found a roughly hewn altar of Beogh.
 22074 | Orc:3    | Found a staircase to the Elven Halls.
 22208 | Orc:3    | Found Paur's Weapon Boutique.
 22811 | Orc:4    | Entered Level 4 of the Orcish Mines
 23106 | Orc:4    | Found Inaoliep's Assorted Antiques.
 23187 | Orc:4    | Found Loog's Antique Armour Emporium.
 23187 | Orc:4    | Found Ryetizay's Antique Armour Boutique.
 23745 | Orc:4    | Reached skill level 10 in Fighting
 23978 | D:10     | Entered Level 10 of the Dungeon
 24220 | D:10     | Learned a level 4 spell: Airstrike
 24589 | D:10     | Noticed Erica
 24595 | D:10     | Killed Erica
 24848 | D:11     | Found a sacrificial altar of Ru.
 25030 | D:11     | Noticed Harold
 25051 | D:11     | Killed Harold
 25794 | D:12     | Reached XP level 15. HP: 115/117 MP: 25/27
 25902 | D:12     | Noticed Frances
 25912 | D:12     | Killed Frances
 26124 | D:12     | Reached XP level 16. HP: 76/123 MP: 6/28
 26185 | D:12     | Found a staircase to the Orcish Mines.
 26815 | D:13     | Found a radiant altar of Vehumet.
 27217 | D:13     | Found a gate to the Vaults.
 27343 | D:14     | Found Plog's Antique Armour Emporium.
 27362 | D:14     | Bought a pair of boots for 85 gold pieces
 27362 | D:14     | Bought a runed buckler for 85 gold pieces
 27385 | D:14     | Found Izosh's Food Shop.
 27571 | D:14     | Found Anaoc's Weapon Shoppe.
 27615 | D:14     | Reached skill level 17 in Stealth
 27639 | D:14     | Found Duehe's Weapon Shop.
 27893 | D:14     | Noticed ImmaFairy's ghost (powerful FoFi)
 28171 | Spider:1 | Entered Level 1 of the Spider Nest
 28171 | Spider:1 | Noticed Asterion
 28176 | Spider:1 | Killed Asterion
 28187 | Spider:1 | Learned a level 5 spell: Summon Mana Viper
 28304 | Spider:1 | Reached skill level 1 in Summonings
 28679 | Spider:1 | Noticed Kirke
 28930 | Spider:1 | Killed Kirke
 29841 | Spider:2 | Reached skill level 15 in Hexes
 30982 | Orc:4    | Reached skill level 1 in Long Blades
 31104 | Orc:4    | Found Verul's Book Shoppe.
 31112 | Orc:4    | Found Xuecekk's Food Shoppe.
 31168 | Orc:4    | Bought a pair of embroidered gloves for 144 gold pieces
 31189 | Orc:4    | Bought a runed helmet for 166 gold pieces
 31583 | Shoals:1 | Entered Level 1 of the Shoals
 31627 | Shoals:1 | Reached skill level 10 in Spellcasting
 31654 | Shoals:1 | Reached XP level 17. HP: 131/131 MP: 31/31
 31725 | Shoals:1 | Learned a level 3 spell: Flight
 31891 | Shoals:1 | Learned a level 6 spell: Mass Confusion
 31900 | Shoals:1 | Found Neun Ety's Weapon Emporium.
 32328 | Shoals:2 | Lost mutation: You expend magic power (3 MP) to strengthen your wands. [potion of cure mutation]
 32328 | Shoals:2 | Lost mutation: Your muscles are strong. (Str +2) [potion of cure mutation]
 32328 | Shoals:2 | Lost mutation: You are partially covered in large bone plates (AC +2, SH +2). [potion of cure mutation]
 33928 | Shoals:3 | Noticed Roxanne
 34240 | Shoals:4 | Entered Level 4 of the Shoals
 34335 | Shoals:4 | Got a bloodstained long sword
 34336 | Shoals:4 | Identified the +5 long sword "Horr" {slice, Str+6} (You found it on level 4 of the Shoals)
 34410 | Shoals:4 | Noticed Ilsuiw
 34424 | Shoals:4 | Killed Ilsuiw
 34436 | Shoals:4 | Reached skill level 5 in Long Blades
 34696 | Orc:4    | Bought a book of Party Tricks for 750 gold pieces
 34704 | Orc:4    | Learned a level 6 spell: Invisibility
 35138 | Shoals:4 | Was placed under penance by Dithmenos
 35309 | Shoals:4 | Noticed Donald
 35387 | Shoals:4 | Was forgiven by Dithmenos
 35458 | Shoals:4 | Reached skill level 15 in Dodging
 35691 | Shoals:4 | Killed Donald
 35730 | Shoals:4 | Got a barnacled rune of Zot
 36354 | Spider:3 | Reached skill level 18 in Stealth
 36475 | Spider:3 | Reached XP level 18. HP: 142/142 MP: 32/32
 36521 | Spider:3 | Noticed Borgoz's ghost (mighty GrFi)
 36538 | Spider:3 | Killed Borgoz's ghost
 36806 | Spider:4 | Entered Level 4 of the Spider Nest
 37768 | Spider:4 | Got a gossamer rune of Zot
 38021 | Lair:1   | Learned a level 1 spell: Summon Butterflies
 38023 | Lair:1   | Learned a level 1 spell: Apportation
 38186 | Vaults:1 | Entered Level 1 of the Vaults
 38419 | Vaults:1 | Found Couhogif's Magic Scroll Emporium.
 38425 | Vaults:1 | Bought a scroll of identify for 34 gold pieces
 38425 | Vaults:1 | Bought 3 scrolls of identify for 102 gold pieces
 38425 | Vaults:1 | Bought a scroll of recharging for 161 gold pieces
 38534 | Vaults:1 | Reached skill level 1 in Translocations
 38648 | Vaults:1 | Found Cebrov's General Store.
 38655 | Vaults:1 | Bought a scroll of blinking for 112 gold pieces
 38886 | Vaults:1 | Found Ulaokhlik's General Store.
 39303 | Vaults:1 | Reached skill level 19 in Stealth
 39389 | Vaults:1 | Found Roqutunn's Assorted Antiques.
 39745 | Vaults:2 | Noticed Xtahua
 39782 | Vaults:2 | Killed Xtahua
 40276 | Vaults:2 | Found a staircase to the Crypt.
 40276 | Vaults:2 | Found a basalt altar of Yredelemnul.
 40277 | Vaults:2 | Found an ancient bone altar of Kikubaaqudgha.
 40646 | Vaults:2 | Reached XP level 19. HP: 151/151 MP: 34/34
 42207 | Vaults:3 | Reached skill level 10 in Air Magic
 42449 | Vaults:3 | Found Waiwn's Armour Shoppe.
 43081 | Vaults:3 | Reached skill level 20 in Stealth
 43408 | Vaults:4 | Noticed Margery
 43410 | Vaults:4 | Killed Margery
 43998 | Vaults:4 | Reached skill level 10 in Long Blades
 44444 | Vaults:4 | Reached XP level 20. HP: 159/159 MP: 36/36
 45419 | Lair:1   | Learned a level 6 spell: Mass Confusion
 45461 | Elf:1    | Entered Level 1 of the Elven Halls
 46575 | Elf:2    | Noticed Louise
 46596 | Elf:2    | Killed Louise
 46683 | Elf:2    | Noticed Agnes
 46712 | Elf:2    | Killed Agnes
 46956 | Elf:2    | Found a huge runed gate.
 46956 | Elf:2    | Found a huge runed gate.
 46956 | Elf:2    | Found a huge runed gate.
 46991 | Elf:3    | Entered Level 3 of the Elven Halls
 47028 | Elf:3    | Found Upte's Assorted Antiques.
 47049 | Elf:3    | Bought a pair of shimmering gloves for 323 gold pieces
 47049 | Elf:3    | Bought a scroll of magic mapping for 119 gold pieces
 47049 | Elf:3    | Bought a scroll of enchant armour for 255 gold pieces
 47059 | Elf:3    | Identified the +1 pair of gloves of Oskay {rPois Str-5 Int+2 Slay+3} (You bought it in a shop on level 3 of the Elven Halls)
 48391 | Elf:3    | Got a wavering lapis lazuli ring
 48404 | Elf:3    | Identified the ring of Xom's Fair Game {rElec Stlth-} (You took it off a deep elf death mage on level 3 of the Elven Halls)
 48523 | Elf:3    | Got a vibrating bone ring
 48689 | Elf:3    | Got a crude dagger
 48690 | Elf:3    | Identified the +11 dagger of Fixation {drain, rF+ Dex+2} (You took it off a deep elf sorcerer on level 3 of the Elven Halls)
 48711 | Elf:3    | Identified the ring "Bolal" {Fire rPois} (You took it off a deep elf demonologist on level 3 of the Elven Halls)
 48713 | Elf:3    | Got a warped emerald amulet
 48715 | Elf:3    | Identified the amulet "Rentikex" {Faith Contam +Inv rElec Str+4} (You took it off a deep elf conjurer on level 3 of the Elven Halls)
 48755 | Elf:3    | Got a crude tin ring
 48756 | Elf:3    | Identified the ring "Girot" {Fire +Blink Str-5 Dex+2} (You found it on level 3 of the Elven Halls)
 48768 | Elf:3    | Got an ichor-stained cloak
 48779 | Elf:3    | Identified the +0 cloak of Temperance {+Blink rPois rF- Dex+2} (You found it on level 3 of the Elven Halls)
 48791 | Elf:3    | Identified the Papyrus of Dislocation
 49978 | D:14     | Killed ImmaFairy's ghost
 50108 | D:14     | Found Xaloibom's Book Shop.
 50140 | D:14     | Bought a book of Minor Magic for 320 gold pieces
 50143 | D:14     | Learned a level 2 spell: Blink
 50446 | D:15     | Entered Level 15 of the Dungeon
 51287 | D:15     | Found a staircase to the Depths.
 52381 | Shoals:1 | Learned a level 6 spell: Deflect Missiles
 52832 | Depths:1 | Entered Level 1 of the Depths
 52857 | Depths:1 | Reached skill level 5 in Charms
 53810 | Depths:1 | Reached XP level 21. HP: 166/166 MP: 37/37
 54599 | Depths:2 | Reached skill level 10 in Charms
 54653 | Depths:2 | Found a gateway to a ziggurat.
 54656 | Depths:2 | Noticed Wiglaf
 54663 | Depths:2 | Killed Wiglaf
 54700 | Depths:2 | Found a gateway to Hell.
 54804 | Depths:2 | Found a one-way gate leading to the halls of Pandemonium.
 54836 | Depths:2 | Reached skill level 15 in Fighting
 55590 | Depths:3 | Was placed under penance by Dithmenos
 56228 | Depths:3 | Was forgiven by Dithmenos
 56699 | Depths:3 | Found Fehulof's Antique Armour Emporium.
 57110 | Depths:3 | Noticed a caustic shrike
 57120 | Depths:3 | Killed a caustic shrike
 57120 | Depths:3 | Reached XP level 22. HP: 178/178 MP: 38/38
 58213 | Depths:4 | Was placed under penance by Dithmenos
 58677 | Depths:4 | Found a one-way gate to the infinite horrors of the Abyss.
 59275 | Depths:4 | Was forgiven by Dithmenos
 60716 | Depths:5 | Entered Level 5 of the Depths
 60863 | Depths:5 | Found a gate to the Realm of Zot.
 61083 | Depths:5 | HP: 8/180 [phantasmal warrior (23)]
 61558 | Lair:1   | Learned a level 4 spell: Control Teleport
 61755 | D:15     | Learned a level 6 spell: Freezing Cloud
 62037 | Vaults:5 | Entered Level 5 of the Vaults
 62581 | Depths:4 | Voluntarily entered the Abyss.
 62950 | Abyss:1  | Found a corrupted altar of Lugonu.
 63144 | Abyss:1  | HP: 8/180 [Executioner (3)]
 63419 | Abyss:1  | Found a corrupted altar of Lugonu.
 63573 | Abyss:1  | Reached skill level 5 in Conjurations
 63729 | Abyss:1  | Reached XP level 23. HP: 139/186 MP: 39/39
 63862 | Depths:4 | Escaped the Abyss
 65839 | Vaults:5 | Got a warped bone amulet
 66140 | Vaults:5 | Reached skill level 10 in Conjurations
 66142 | Vaults:5 | Got a pitted golden amulet
 66151 | Vaults:5 | Identified the amulet of Louw {Gourm rElec rC+ Int+3} (You took it off a vault warden on level 5 of the Vaults)
 66152 | Vaults:5 | Identified the amulet of Pyromania {Spirit rF++ Str+3} (You took it off a tengu reaver on level 5 of the Vaults)
 66388 | Vaults:5 | Got a silver rune of Zot
 67453 | Vaults:5 | Got a pitted emerald amulet
 67455 | Vaults:5 | Identified the amulet "Vedghiuf" {Stasis rF+ rN++ Dex+4} (You found it on level 5 of the Vaults)
 67886 | Vaults:5 | Reached XP level 24. HP: 109/193 MP: 39/39
 68566 | Vaults:1 | Bought a scroll of amnesia for 140 gold pieces
 68912 | Shoals:1 | Learned a level 6 spell: Conjure Ball Lightning
 71240 | Zig:1    | Entered Level 1 of a ziggurat
 71497 | Zig:2    | Entered Level 2 of a ziggurat
 71518 | Zig:3    | Entered Level 3 of a ziggurat
 71561 | Zig:3    | Identified the Disquisition on the Entourage
 71570 | Zig:3    | Learned a level 4 spell: Summon Lightning Spire
 71907 | Zig:4    | Entered Level 4 of a ziggurat
 71929 | Zig:4    | Killed by an exploding ball lightning

Action                   |  1- 3 |  4- 6 |  7- 9 | 10-12 | 13-15 | 16-18 | 19-21 | 22-24 || total
-------------------------+-------+-------+-------+-------+-------+-------+-------+-------++-------
Melee: Dagger            |   160 |   160 |   481 |   507 |  1153 |  1414 |   836 |   299 ||  5010
       Unarmed           |       |       |     1 |       |       |       |       |     3 ||     4
       Demon blade       |       |       |       |       |       |       |   761 |  1625 ||  2386
 Cast: Corona            |     9 |       |       |       |       |       |       |       ||     9
       Ensorcelled Hiber |    18 |    16 |    58 |   132 |   108 |   274 |    88 |     4 ||   698
       Confuse           |     1 |    10 |    46 |    38 |    49 |    62 |    80 |    69 ||   355
       Tukima's Dance    |       |     6 |    15 |    15 |    59 |    54 |    79 |    44 ||   272
       Dazzling Spray    |       |       |     2 |    27 |    45 |     6 |       |       ||    80
       Gell's Gravitas   |       |       |       |     1 |       |       |       |       ||     1
       Repel Missiles    |       |       |       |       |     2 |     2 |     6 |       ||    10
       Airstrike         |       |       |       |       |     1 |    56 |    61 |   129 ||   247
       Summon Mana Viper |       |       |       |       |       |    27 |    53 |    34 ||   114
       Flight            |       |       |       |       |       |    30 |    10 |    14 ||    54
       Mass Confusion    |       |       |       |       |       |    11 |    11 |     8 ||    30
       Invisibility      |       |       |       |       |       |    12 |    12 |     4 ||    28
       Deflect Missiles  |       |       |       |       |       |       |     2 |     5 ||     7
       Summon Butterflie |       |       |       |       |       |       |       |     4 ||     4
       Freezing Cloud    |       |       |       |       |       |       |       |    43 ||    43
       Blink             |       |       |       |       |       |       |       |     2 ||     2
       Conjure Ball Ligh |       |       |       |       |       |       |       |    18 ||    18
       Summon Lightning  |       |       |       |       |       |       |       |     2 ||     2
Invok: Shadow Step       |       |       |       |     1 |     1 |       |     4 |     1 ||     7
 Abil: End Transformatio |       |       |     2 |       |       |       |       |       ||     2
       Bat Form          |       |       |     2 |       |       |       |       |       ||     2
Evoke: Wand              |       |       |       |     5 |       |     9 |     7 |    11 ||    32
  Use: Potion            |     4 |    13 |    12 |    26 |    12 |    40 |    35 |    58 ||   200
       Scroll            |       |     6 |       |    19 |    20 |    15 |    25 |    20 ||   105
 Stab: Sleeping          |    18 |    20 |    65 |   154 |   186 |   336 |   243 |    45 ||  1067
       Confused          |       |     3 |    16 |     9 |    21 |    40 |    61 |    45 ||   195
       Distracted        |       |       |     4 |     2 |    13 |    12 |    25 |    25 ||    81
       Invisible         |       |       |       |     1 |    10 |    32 |    23 |    26 ||    92
       Fleeing           |       |       |       |       |       |     1 |       |       ||     1
  Eat: Corpse            |     3 |       |     3 |       |       |       |       |     1 ||     7
